 Dungeon Crawl Stone Soup version 0.28.0-49-g6dfe1f597d (webtiles) character file.

Game seed: 3632210492852171608

28 Exodus22XD the Poker (level 3, 19/27 HPs)
             Began as a Demonspawn Gladiator on May 15, 2022.
             Quit the game on level 1 of the Dungeon.
             The game lasted 00:00:31 (603 turns).

Exodus22XD the Poker (Demonspawn Gladiator)          Turns: 603, Time: 00:00:32

Health: 19/27      AC:  4    Str: 16    XL:     3   Next: 0%
Magic:  3/3        EV: 12    Int:  9    God:
Gold:   0          SH:  0    Dex: 14    Spells: 2/2 levels left

rFire   . . .      SeeInvis .   a - +0 trident
rCold   . . .      Faith    .   (no shield)
rNeg    . . .      Spirit   .   b - +0 leather armour
rPois   .          Reflect  .   c - +0 helmet
rElec   .          Harm     .   (no cloak)
rCorr   .          Rampage  .   (no gloves)
Will    .....                   (no boots)
Stlth   +.........              (no amulet)
HPRegen 0.09/turn               (no ring)
MPRegen 0.08/turn               (no ring)

@: no status effects
A: demonic magic 1, demonic touch 1
a: no special abilities


You were on level 1 of the Dungeon.
You visited 1 branch of the dungeon, and saw 1 of its levels.

Inventory:

Hand Weapons
 a - a +0 trident (weapon)
Missiles
 d - 3 throwing nets (quivered)
Armour
 b - a +0 leather armour (worn)
 c - a +0 helmet (worn)
Jewellery
 g - an amulet of guardian spirit
Scrolls
 e - a scroll of identify {unknown}
 h - a scroll of teleportation {unknown}
 j - a scroll of torment {unknown}
Potions
 f - 2 potions of degeneration {unknown}
 i - a potion of haste {unknown}


   Skills:
 + Level 2.1 Fighting
 + Level 3.3 Polearms
 + Level 1.9 Throwing
 + Level 0.4 Armour
 + Level 2.9 Dodging
 + Level 0.2 Stealth


You had 2 spell levels left.
You didn't know any spells.
Your spell library was empty.

Dungeon Overview and Level Annotations

Branches:
Dungeon (1/15)

Altars:


Innate Abilities, Weirdness & Mutations

Spells you cast may paralyse adjacent enemies.
Your touch may inflict minor irresistible damage on your foes.


Message History

You hit the kobold but do no damage.
The kobold is moderately wounded.
A hobgoblin comes into view.
The kobold hits you but does no damage.
There are monsters nearby!
You closely miss the kobold.
The kobold is moderately wounded.
The hobgoblin shouts!
You hear a shout!
The kobold hits you with a +0 dagger.
A goblin comes into view.
It is wielding a +1 dagger of protection.
There are monsters nearby!
You closely miss the kobold.
The kobold is moderately wounded.
The kobold barely misses you. The hobgoblin barely misses you.
There are monsters nearby!
You completely miss the kobold.
The kobold is moderately wounded.
The kobold hits you with a +0 dagger. The hobgoblin closely misses you.
There are monsters nearby!
You hit the kobold.
You kill the kobold!
The hobgoblin hits you.
You hit the hobgoblin.
The hobgoblin is almost dead.
The hobgoblin hits you but does no damage.
You hit the hobgoblin but do no damage.
The hobgoblin is almost dead.
The hobgoblin hits you but does no damage.
You puncture the hobgoblin!
You kill the hobgoblin!
You have reached level 3!
Your experience leads to an increase in your attributes!
Increase (S)trength, (I)ntelligence, or (D)exterity?
You feel stronger. x2; Your demonic ancestry asserts itself...
A menacing aura infuses your magic.
You hit the dart slug.
You touch the dart slug.
The dart slug is almost dead.
The dart slug barely misses you.
Unknown command.
Are you sure you want to abandon this character and quit the game? (Confirm with "yes".)

### $. ########## #.
##........#
####.###.........######
#...gw@...............#
#.##)##.......#..####.#
... #...>......# #.#
..... ##.....##### #.#
##.### ##...## ####.#
#. ##### ##....# #
##.###.# ########.##
##. #.....##.# #.


You could see a dart slug and a goblin.

Vanquished Creatures
  4 endoplasms (D:1)
  2 goblins (D:1)
  4 hobgoblins (D:1)
  3 kobolds (D:1)
  2 quokkas (D:1)
  2 ball pythons (D:1)
  3 bats (D:1)
  2 frilled lizards (D:1)
  3 rats (D:1)
25 creatures vanquished.

Notes
Turn   | Place    | Note
-------+----------+-------------------------------------------
     0 | D:1      | Exodus22XD the Demonspawn Gladiator began the quest for the
                  | Orb.
     0 | D:1      | Reached XP level 1. HP: 16/16 MP: 1/1
    29 | D:1      | Reached skill level 3 in Polearms
   175 | D:1      | Gained mutation: Your touch may inflict minor irresistible
                  | damage on your foes. [demonic ancestry]
   175 | D:1      | Reached XP level 2. HP: 22/22 MP: 2/2
   602 | D:1      | Gained mutation: Spells you cast may paralyse adjacent
                  | enemies. [demonic ancestry]
   602 | D:1      | Reached XP level 3. HP: 19/27 MP: 3/3
   603 | D:1      | Quit the game

Illustrated notes

Levels and vault maps discovered:
D:1:      mrwooster_arrival_statue_3, layout_loops_cross

Skill      XL: |  1 |
---------------+----+-----
Polearms       | 3 |  3.3
Fighting       | |  2.1
Throwing       | |  1.9
Armour         | |  0.4
Dodging        | |  2.9
Stealth        | |  0.2

Action                   || total
-------------------------++-------
Melee: Trident           ||    69
       Touch             ||     6
 Stab: Sleeping          ||     3
Armor: Leather armour    ||    20
Dodge: Dodged            ||    43
